cohdb
Replays
Latest Replays
All Replays
Popular Replays
Top Player Replays
Match Explorer
How It Works
Community
CoH3 Stats
Reddit
Sign in to upload your games and track your stats! →
Sign in with Steam
Match 41223408
Unlisted
Match 41223408
Overview
Messages
Build Orders
End
Construct Section Command Post
Royal Engineer Section
Infantry Section
Dingo Light Scout Car
Selects Canadian Shock Battlegroup
Selects Canadian Shock Battlegroup
Infantry Section
Selects Attacking Spirit
Construct Platoon Command Post
Selects Canadian Shock Section
Selects Incendiary Munitions
Humber Armored Car
Humber Armored Car
Selects Pyrotechnics
Canadian Shock Section
mrce
*Mule
0
0
Comments
sign in to comment!
No comments posted yet!